 Dungeon Sprint DCSS version 0.22-a0-750-ga7dcef7 (webtiles) character file.

7000000 collin38 the Axe Maniac (level 27, -6/273 HPs)
             Began as a Minotaur Fighter on July 15, 2018.
             Was the Champion of Makhleb.
             Mangled by a meat berserker
             ... wielding a +9 battleaxe
              (71 damage)
             ... in the Dungeon (Sprint VIII: "Arena of Blood").
             The game lasted 00:06:01 (70 turns).

collin38 the Axe Maniac (Minotaur Fighter)            Turns: 70, Time: 00:06:02

Health: -6/273     AC: 13    Str: 26    XL:     27
Magic:  27/53      EV: 31    Int:  5    God:    Makhleb [******]
Gold:   0          SH:  0    Dex: 18    Spells: 80/80 levels left

rFire    . . .     SeeInvis .   l - +∞ Axe of Woe
rCold    . . .     Gourm    .   (shield currently unavailable)
rNeg     . . .     Faith    .   b - +0 scale mail
rPois    .         Spirit   .   (helmet restricted)
rElec    .         Reflect  .   (no cloak)
rCorr    .         Harm     .   (no gloves)
MR       ++...     NoTele   +   (no boots)
Stlth    ++++++++..             (no amulet)
HPRegen  0.55/turn              (no ring)
MPRegen  0.33/turn              (no ring)

@: marked
A: retaliatory headbutt, horns 2
a: Minor Destruction, Lesser Servant of Makhleb, Major Destruction, Greater
Servant of Makhleb, Renounce Religion


You were in the Dungeon.
You worshipped Makhleb.
Makhleb was exalted by your worship.
You were not hungry.

You visited 1 branch

Inventory:

Hand Weapons
 a - a +0 war axe
 l - the +∞ Axe of Woe (weapon)
   (You found it in the Dungeon)
Armour
 b - a +0 scale mail (worn)
 c - a +0 shield
Potions
 d - a potion of might
 e - a potion of curing
 g - a potion of heal wounds
 h - a potion of haste
 i - 2 potions of magic
 j - a potion of berserk rage
Comestibles
 f - a ration


   Skills:
 O Level 27 Fighting
 O Level 27 Axes
 O Level 27 Throwing
 O Level 27 Armour
 O Level 27 Dodging
 O Level 27 Stealth
 O Level 27 Shields
 O Level 27 Unarmed Combat
 O Level 27 Spellcasting
 O Level 27 Invocations


You had 80 spell levels left.
You didn't know any spells.
Your spell library was empty.

Dungeon Overview and Level Annotations

Branches:
Dungeon (1/1)

Altars:
Makhleb


Innate Abilities, Weirdness & Mutations

You reflexively headbutt those who attack you in melee.
You have a pair of horns on your head.


Message History

A meat berserker comes into view. It is wielding a +9 battleaxe.
You hear a shout!
The dread hits you but does no damage.
The large abomination is engulfed in blazing flames.
You hear a shout!
The dread calls on the powers of darkness!
The bag of meat convulses! x2; The meat berserker convulses!
The bag of meat convulses! x2; The meat berserker convulses! x2
Your body is wracked with pain!
* * * LOW HITPOINT WARNING * * *
The meat berserker convulses!
The accursed casts a spell at you. Something smites you!
* * * LOW HITPOINT WARNING * * *
You hear a shout!
The meat beast growls, "Thy neck shall be my junket!"
A bag of meat comes into view. It is wielding a +9 war axe.
The meat berserker is engulfed in blazing flames.
The meat berserker hits you with a +9 battleaxe!!!
You die...

#.o..%..._O..........
......#))O..#.......#
..oWoO#_)<._#..O.....
...oOo#))...#).....#
#....%).)_X.)))......
....%.))###%)O......#
..%###O))§§.§###.....
.. #))§§..§# .....
#X§@§W..# ....
....X%§§OW§.§... ...
#....XOX...§.... ...
...XXX.X..MO.M...
#..LLX.........##
...LX#.%......#.o
..X.X.........# .
....##.#.......


You could see 2 accurseds, 3 tentacled monstrosities, 3 tyrants, a large bag of
meat (inner flame), 9 large abominations, 3 dreads, 7 meat berserkers and 5 bags
of meat.

Vanquished Creatures
  Sigmund (D)
  2 hell beasts (D)
  A greater mummy (D)
  6 vampire knights (D)
  16 ogres (D)
  5 two-headed ogres (D)
  2 liches (D)
  A hydra (D)
  29 orcs (D)
  7 skeletal warriors (D)
  2 large abominations (D)
  8 small abominations (D)
  3 crawling corpses (D)
83 creatures vanquished.

Vanquished Creatures (others)
  3 crawling corpses (D)
3 creatures vanquished.

Grand Total: 86 creatures vanquished

Notes
Turn   | Place    | Note
-------+----------+-------------------------------------------
     0 | D        | Found the +∞ Axe of Woe
     0 | D        | collin38 the Minotaur Fighter began the quest for the Orb.
     0 | D        | Reached XP level 1. HP: 19/19 MP: 0/0
     4 | D        | Noticed a bag of meat
     4 | D        | Noticed a bag of meat
     6 | D        | Noticed a bag of meat
     6 | D        | Noticed a meat berserker
     7 | D        | Noticed a meat berserker
     8 | D        | Noticed a meat berserker
    10 | D        | Killed a bag of meat
    10 | D        | Reached XP level 2. HP: 55/55 MP: 1/1
    10 | D        | Reached XP level 3. HP: 62/62 MP: 2/2
    10 | D        | Reached XP level 4. HP: 70/70 MP: 3/3
    10 | D        | Reached XP level 5. HP: 77/77 MP: 4/4
    10 | D        | Reached XP level 6. HP: 85/85 MP: 5/5
    10 | D        | Reached XP level 7. HP: 92/92 MP: 6/6
    10 | D        | Reached XP level 8. HP: 100/100 MP: 7/7
    10 | D        | Reached XP level 9. HP: 107/107 MP: 8/8
    10 | D        | Reached XP level 10. HP: 115/115 MP: 9/9
    10 | D        | Reached XP level 11. HP: 123/123 MP: 10/10
    10 | D        | Noticed a bag of meat
    10 | D        | Noticed a bag of meat
    10 | D        | Noticed a bag of meat
    11 | D        | Killed a meat berserker
    11 | D        | Reached XP level 12. HP: 123/143 MP: 11/11
    11 | D        | Reached XP level 13. HP: 129/149 MP: 12/12
    11 | D        | Killed a bag of meat
    11 | D        | Reached XP level 14. HP: 140/162 MP: 13/13
    11 | D        | Killed a bag of meat
    11 | D        | Noticed a bag of meat
    13 | D        | Killed a meat berserker
    13 | D        | Reached skill level 27 in Fighting
    13 | D        | Reached skill level 27 in Axes
    13 | D        | Reached XP level 15. HP: 79/174 MP: 14/14
    14 | D        | Killed a meat berserker
    14 | D        | Reached skill level 27 in Armour
    14 | D        | Reached skill level 27 in Shields
    14 | D        | Reached XP level 16. HP: 84/183 MP: 15/15
    14 | D        | Reached skill level 10 in Stealth
    14 | D        | Noticed a meat berserker
    16 | D        | Became a worshipper of Makhleb the Destroyer
    20 | D        | Reached skill level 15 in Dodging
    22 | D        | Reached * piety under Makhleb
    22 | D        | Reached XP level 17. HP: 90/191 MP: 16/16
    23 | D        | Noticed a large bag of meat
    24 | D        | Killed a meat berserker
    24 | D        | Noticed a large bag of meat
    25 | D        | Reached ** piety under Makhleb
    25 | D        | Reached XP level 18. HP: 96/200 MP: 17/17
    25 | D        | Noticed a meat berserker
    26 | D        | Reached skill level 27 in Dodging
    26 | D        | Killed a large bag of meat
    26 | D        | Reached skill level 27 in Stealth
    26 | D        | Reached *** piety under Makhleb
    27 | D        | Noticed a meat berserker
    29 | D        | Reached XP level 19. HP: 207/207 MP: 17/32
    29 | D        | Killed a large bag of meat
    29 | D        | Noticed a meat berserker
    30 | D        | Killed a meat berserker
    30 | D        | Reached **** piety under Makhleb
    30 | D        | Reached skill level 27 in Invocations
    30 | D        | Reached skill level 10 in Spellcasting
    30 | D        | Reached XP level 20. HP: 216/216 MP: 17/36
    31 | D        | Killed a meat berserker
    31 | D        | Noticed a meat berserker
    31 | D        | Noticed a meat berserker
    33 | D        | Reached skill level 15 in Spellcasting
    34 | D        | Reached ***** piety under Makhleb
    34 | D        | Noticed a large bag of meat
    34 | D        | Noticed a destroyer
    35 | D        | Killed a meat berserker
    35 | D        | Reached XP level 21. HP: 224/224 MP: 18/41
    36 | D        | Noticed a destroyer
    36 | D        | Noticed a destroyer
    37 | D        | Reached skill level 27 in Unarmed Combat
    38 | D        | Reached skill level 27 in Throwing
    38 | D        | Reached XP level 22. HP: 233/233 MP: 19/47
    38 | D        | Noticed a destroyer
    39 | D        | Killed a destroyer
    39 | D        | Reached skill level 27 in Spellcasting
    40 | D        | Killed a destroyer
    40 | D        | Reached ****** piety under Makhleb
    40 | D        | Noticed a destroyer
    41 | D        | Killed a destroyer
    41 | D        | Reached XP level 23. HP: 240/240 MP: 20/53
    42 | D        | Noticed a large bag of meat
    43 | D        | Killed a large bag of meat
    44 | D        | Reached XP level 24. HP: 249/249 MP: 20/53
    44 | D        | Killed a destroyer
    46 | D        | Noticed an accursed
    47 | D        | Reached XP level 25. HP: 257/257 MP: 21/53
    48 | D        | Noticed a tyrant
    48 | D        | Noticed a large bag of meat
    49 | D        | Killed a large bag of meat
    50 | D        | Killed a destroyer
    54 | D        | Noticed a tyrant
    55 | D        | Killed a large bag of meat
    55 | D        | Noticed a destroyer
    56 | D        | Killed a tyrant
    56 | D        | Reached XP level 26. HP: 198/266 MP: 23/53
    56 | D        | Noticed an accursed
    58 | D        | Noticed an accursed
    59 | D        | Noticed a tyrant
    60 | D        | Noticed The Captor
    61 | D        | Killed an accursed
    62 | D        | Noticed a dread
    62 | D        | Noticed a large bag of meat
    62 | D        | Noticed a tyrant
    63 | D        | Reached XP level 27. HP: 273/273 MP: 25/53
    63 | D        | Noticed a meat beast
    64 | D        | Noticed a meat beast
    64 | D        | Noticed a dread
    65 | D        | Noticed a dread
    67 | D        | Killed a meat beast
    67 | D        | Noticed a tyrant
    67 | D        | Noticed a destroyer
    68 | D        | Killed a meat beast
    68 | D        | Killed a destroyer
    69 | D        | Killed a tyrant
    69 | D        | Killed The Captor
    69 | D        | Noticed a meat beast
    70 | D        | Mangled by a meat berserker

Vault maps used:
D:        meatsprint

Skill      XL: |  1  2  3  4  5  6  7  8  9 10 11 12 13 14 15 16 17 18 19 20 21 22 |
---------------+-------------------------------------------------------------------+-----
Fighting       | 19 23 25 27 | 27.0
Axes           | 19 23 25 27 | 27.0
Armour         | 14 17 19 23 27 | 27.0
Shields        | 14 17 19 23 27 | 27.0
Dodging        | 3 18 26 27 | 27.0
Stealth        | 2 16 22 27 | 27.0
Invocations    | 20 27 | 27.0
Throwing       | 13 23 27 | 27.0
Unarmed Combat | 14 24 27 | 27.0
Spellcasting   | 10 17 22 27 | 27.0

Action                   |  1- 3 |  4- 6 |  7- 9 | 10-12 | 13-15 | 16-18 | 19-21 | 22-24 | 25-27 || total
-------------------------+-------+-------+-------+-------+-------+-------+-------+-------+-------++-------
Melee: Executioner's axe |     1 |       |       |     1 |     2 |     7 |     6 |     7 |    15 ||    39
  Use: Scroll            |       |       |       |       |       |     1 |       |       |       ||     1
Armor: Scale mail        |       |       |       |       |       |       |       |       |     2 ||     2
Dodge: Dodged            |       |       |       |       |       |       |     1 |     1 |     1 ||     3

Table legend:
 A = Spawn XP
 B = Non-spawn XP
 C = Spawn XP percentage of total XP
 D = Spawn monster count
 E = Non-spawn monster count
 F = Spawn count percentage of total count
 G = Total turns spent on level
                    A         B        C        D         E        F      G
               +---------+---------+-------+---------+---------+-------+---------
         Total |       0 | 2088022 |   0.0 |       0 |      80 |   0.0 |    70
               +---------+---------+-------+---------+---------+-------+---------
             D |       0 | 2088022 |   0.0 |       0 |      80 |   0.0 |    70
               +---------+---------+-------+---------+---------+-------+---------
